 Dungeon Crawl Stone Soup version 0.31-a0-202-g547052bce9 (webtiles) character file.

Game seed: 17409586083152746038

7038 qw the Markself (level 10, -6/59 HPs)
             Began as a Deep Elf Hunter on June 26, 2023.
             Was a Priest of Okawaru.
             Engulfed by a cloud of poison gas (8 damage)
             ... on level 9 of the Dungeon.
             The game lasted 00:04:11 (9678 turns).

qw the Markself (Deep Elf Hunter)                   Turns: 9678, Time: 00:04:11

Health: -6/59      AC:  9    Str:  8    XL:     10   Next: 83%
Magic:  14/15      EV: 27    Int: 17    God:    Okawaru [***...]
Gold:   443        SH:  0    Dex: 27    Spells: 9/9 levels left

rFire   . . .        Y - +3 orcbow
rCold   . . .        (shield currently unavailable)
rNeg    + . .        k - +1 leather armour of Jibaimis {Rampage rN+ Str-3 Dex+2}
rPois   .            (no helmet)
rElec   .            a - scarf of a bailey {shadows, Int+3 Dex+3}
rCorr   .            g - +2 pair of gloves
SInv    .            d - +0 pair of boots
Will    +....        q - amulet of faith
Stlth   ++++         (no ring)
HPRegen 0.29/turn    (no ring)
MPRegen 0.14/turn

%: rampage, faith
@: lethally poisoned (-6 -> -59), about to teleport, heroic
A: agile 1, deterioration 1, wild magic 1, MP-powered wands
a: Renounce Religion, Heroism


You were on level 9 of the Dungeon.
You worshipped Okawaru.
Okawaru was most pleased with you.
You visited 2 branches of the dungeon, and saw 10 of its levels.
You also visited: Sewer.

You collected 443 gold pieces.


Innate Abilities, Weirdness & Mutations

You are agile. (Dex +4, Str/Int -1)
Your body sometimes deteriorates upon taking damage.
Your spells are a little harder to cast, but a little more powerful.
You expend magic power (3 MP) to strengthen your wands.


   Skills:
 + Level 5.1(10.1) Fighting
 - Level 16.0(21.0) Ranged Weapons
 - Level 1.4(6.4) Armour
 - Level 11.1(16.1) Dodging
 - Level 1.2(6.2) Stealth
 - Level 4.1 Invocations


You had 9 spell levels left.
You didn't know any spells.
Your spell library was empty.

Inventory:

Hand Weapons
 Y - a +3 orcbow (weapon)
Armour
 a - the scarf of a bailey (worn) {shadows, Int+3 Dex+3}
   (You acquired it on level 1 of the Dungeon)

   Int:       It affects your intelligence (+3).
   Dex:       It affects your dexterity (+3).
 d - a +0 pair of boots (worn)
 g - a +2 pair of gloves (worn)
 k - the +1 leather armour of Jibaimis (worn) {Rampage rN+ Str-3 Dex+2}
   (You found it on level 2 of the Dungeon)

   Str:       It affects your strength (-3).
   Dex:       It affects your dexterity (+2).
   rN:        It protects you from negative energy.
   Rampage:   It bestows one free step when moving towards enemies.
 l - a +3 leather armour
Jewellery
 j - a ring of ice
 q - an amulet of faith (around neck)
Scrolls
 b - a scroll of teleportation
 c - 5 scrolls of identify
Potions
 e - 2 potions of resistance
 f - 2 potions of might
 h - 3 potions of haste
 m - 3 potions of mutation
 o - 3 potions of enlightenment
 p - a potion of curing

Dungeon Overview and Level Annotations

Branches:
Dungeon (9/15)             Temple (1/1) D:6           Sewer (visited)
   Lair: D:8-11         Orc: D:9-12

Altars:
Cheibriados
Dithmenos
Elyvilon
Fedhas
Gozag
Hepliaklqana
Kikubaaqudgha
Makhleb
Nemelex Xobeh
Okawaru
Qazlal
Sif Muna
Trog
Vehumet
Wu Jian
Xom
Yredelemnul
Zin
The Shining One

Shops:
D:8 :

Annotations:
D:6 4 runed translucent doors, Crazy Yiuf; qw's ghost, amateur DEHu
D:8 1 runed translucent door, qw's ghost, novice GrFi
D:9 exclusion: oklob plant


Message History

Really walk into that cloud of poison gas?
You are engulfed in poison gas.
You are more poisoned.
You feel extremely sick.
9674 ||| Stepping ~*~*~tactically~*~*~ (cloud).
You feel very sick.
You see here a ring of wizardry.
Enter note:
Enter note:
Enter note: Really walk into that cloud of poison gas?
You are engulfed in poison gas.
You are more poisoned.
You feel very sick.
Enter note:
Enter note:
Enter note:
Enter note:
Enter note:
Enter note:
Enter note:
Enter note:
Enter note:
Enter note:
Enter note:
Enter note:
9676 ||| DRINKING 2 potions of curing.
You feel better.
9676 ||| (to cure poison)
You are engulfed in poison gas.
You are poisoned.
You feel very sick.
Enter note:
Enter note:
Enter note: You are engulfed in poison gas.
You are lethally poisoned!
You feel extremely sick.
9678 ||| READING 2 scrolls of teleportation.
As you read the scroll of teleportation, it crumbles to dust.
You feel strangely unstable.
You are engulfed in poison gas.
You are more poisoned.
You die... ...# #..# #.# #..# #. ...# #..# #.# #..# #. ...# #..# #.# #..# #. ...# #..# #.# #..# #. ...# #..# #.# #..# #. ...# #..# #.# #..# #. ...##################### #..# #. ...##..PP P¤PPP0#P# .PPP

#..# #.
...##P..##P#¤P¤P@P#..P##
#..# #.
..%##.PP..P#P00¤P¤PP¤¤PP
#..# #.
...##PPP.##...P#=PPPP..#
#..# #.
...##.P.PP....0¤¤PPPP.PP
#..# #.
...##..P...~0¤~¤0¤PPP¤PP
#..# #.
...###....~0¤¤0¤¤¤0P0PPP
#..# #.
...##.P..~~¤¤~¤00¤¤.#PP.
#..# #.
...##...~~~~~~~~~~~..#PP
#..# #.
....###.~~~~...~~~~..P
#..# #.


You could see an oklob plant.

Vanquished Creatures
  Maggie (D:6)
  Joseph (D:7)
  3 hornets
  Prince Ribbit (D:5)
  Grinder (D:5)
  Sigmund (D:6)
  8 yaks
  A wraith (D:9)
  3 wyverns
  Menkaure (D:6)
  A water moccasin (D:7)
  Pargi (Sewer)
  An ice beast (D:7)
  3 orc warriors (D:9)
  A sky beast (D:7)
  3 black bears
  An ogre (D:5)
  A phantom (D:6)
  A centaur (D:9)
  5 kobold brigands
  4 bullfrogs
  A gnoll sergeant (D:8)
  4 scorpions
  5 wights (D:7)
  4 killer bees (D:6)
  2 howler monkeys
  4 jellies
  6 hounds
  4 orc priests
  3 iguanas
  Jessica (D:3)
  4 orc wizards
  Natasha (twice) (D:3)
  4 gnolls (D:8)
  7 adders
  2 ufetubi (D:6)
  A worm (D:4)
  A dart slug (D:1)
  28 orcs
  A bat zombie (D:8)
  3 endoplasms
  7 giant cockroaches
  5 goblins
  8 hobgoblins
  3 quokkas
  8 ball pythons
  4 bats
  6 frilled lizards
  28 kobolds
  7 rats
  3 rat zombies (D:8)
209 creatures vanquished.

Notes
Turn   | Place    | Note
-------+----------+-------------------------------------------
     0 | D:1      | qw the Deep Elf Hunter began the quest for the Orb.
     0 | D:1      | Reached XP level 1. HP: 12/12 MP: 3/3
     0 | D:1      | 0 ||| qw: Version: 0.3-a-22-g0ed2b0b
     0 | D:1      | 0 ||| qw: Game counter: 5882
     0 | D:1      | 0 ||| qw: Melee chars always use a shield: true
     0 | D:1      | 0 ||| qw: God list: Okawaru
     0 | D:1      | 0 ||| qw: Allow faded altars: false
     0 | D:1      | 0 ||| qw: Do Orc after clearing Dungeon:15 true
     0 | D:1      | 0 ||| qw: Do second Lair branch before Depths: true
     0 | D:1      | 0 ||| qw: Lair rune preference: random
     0 | D:1      | 0 ||| qw: Goals: Normal
     0 | D:1      | 0 ||| PLANNING D:1-11
    58 | D:1      | Found a faded altar of an unknown god.
   123 | D:1      | Reached skill level 6 in Ranged Weapons
   123 | D:1      | Reached XP level 2. HP: 16/16 MP: 4/4
   455 | D:1      | 455 ||| UPGRADING to +0 pair of boots.
   460 | D:1      | 460 ||| UPGRADING to +0 pair of gloves.
   465 | D:1      | 465 ||| READING scroll labelled UNOINI HAZEZ.
   470 | D:1      | 470 ||| READING scroll labelled RADGHEN LATHRY.
   470 | D:1      | Identified a scroll of acquirement
   470 | D:1      | 470 ||| ACQUIRING scarf of a bailey {shadows, Int+3 Dex+3}
   470 | D:1      | Acquired the scarf of a bailey {shadows, Int+3 Dex+3}
   472 | D:1      | 472 ||| UPGRADING to scarf of a bailey {shadows, Int+3
                  | Dex+3}.
   477 | D:1      | 477 ||| DROPPING scroll of butterflies.
   583 | D:2      | Reached XP level 3. HP: 20/20 MP: 5/5
   743 | D:2      | Identified the +1 leather armour of Jibaimis {Rampage rN+
                  | Str-3 Dex+2}
  1199 | D:2      | 1199 ||| UPGRADING to +1 leather armour of Jibaimis
                  | {Rampage rN+ Str-3 Dex+2}.
  1209 | D:2      | 1209 ||| DROPPING +0 leather armour.
  1210 | D:2      | 1210 ||| READING scroll labelled UCOSCH XELU.
  1312 | D:3      | Found a snail-covered altar of Cheibriados.
  1435 | D:3      | Noticed Jessica
  1441 | D:3      | Killed Jessica
  1442 | D:3      | Reached skill level 7 in Ranged Weapons
  1442 | D:3      | Reached XP level 4. HP: 25/25 MP: 6/6
  1537 | D:3      | Noticed Natasha
  1539 | D:3      | Killed Natasha
  1540 | D:3      | Reached skill level 3 in Dodging
  1563 | D:3      | Noticed Natasha
  1564 | D:3      | 1564 ||| READING scroll labelled KITRUX EZOI.
  1565 | D:3      | 1565 ||| DRINKING 2 golden potions.
  1566 | D:3      | 1566 ||| DRINKING 2 blue potions.
  1585 | D:3      | Killed Natasha
  2005 | D:3      | 2005 ||| READING scroll labelled BOUD COURIWA.
  2006 | D:3      | 2006 ||| DRINKING 2 smoky ruby potions.
  2006 | D:3      | Gained mutation: You occasionally lose the ability to read
                  | scrolls when taking damage. [potion of mutation]
  2006 | D:3      | Gained mutation: You are partially covered in iridescent
                  | scales. (AC +2) [potion of mutation]
  2006 | D:3      | Gained mutation: You have a pair of small horns on your
                  | head. [potion of mutation]
  2006 | D:3      | Gained mutation: You expend magic power (3 MP) to
                  | strengthen your wands. [potion of mutation]
  2007 | D:3      | 2007 ||| DRINKING potion of mutation.
  2007 | D:3      | Lost mutation: You occasionally lose the ability to read
                  | scrolls when taking damage. [potion of mutation]
  2007 | D:3      | Lost mutation: You have a pair of small horns on your head.
                  | [potion of mutation]
  2007 | D:3      | Lost mutation: You are partially covered in iridescent
                  | scales. (AC +2) [potion of mutation]
  2007 | D:3      | Gained mutation: You have hidden genetic potential. [potion
                  | of mutation]
  2007 | D:3      | Gained mutation: Your body sometimes deteriorates upon
                  | taking damage. [potion of mutation]
  2008 | D:3      | 2008 ||| DROPPING potion of lignification.
  2051 | D:4      | Reached skill level 8 in Ranged Weapons
  2051 | D:4      | Reached XP level 5. HP: 27/29 MP: 7/7
  2071 | D:4      | Gained mutation: You are agile. (Dex +4, Str/Int -1)
                  | [hidden potential]
  2107 | D:4      | Reached skill level 9 in Ranged Weapons
  2196 | D:4      | Reached XP level 6. HP: 34/34 MP: 8/8
  2484 | D:4      | 2484 ||| SWAPPING to +0 orcbow.
  2485 | D:4      | 2485 ||| DROPPING +0 shortbow.
  2503 | D:4      | Gained mutation: Your spells are a little harder to cast,
                  | but a little more powerful. [hidden potential]
  2503 | D:4      | Lost mutation: You have hidden genetic potential. [hidden
                  | potential expressed]
  2683 | D:4      | 2683 ||| UPGRADING to amulet of faith.
  2688 | D:4      | 2688 ||| READING scroll labelled LUNKADWUPTE.
  2689 | D:4      | 2689 ||| DRINKING 2 pink potions.
  2690 | D:4      | 2690 ||| READING 3 scrolls of identify.
  2690 | D:4      | 2690 ||| IDENTIFYING black potion
  2691 | D:4      | 2691 ||| READING 2 scrolls of identify.
  2691 | D:4      | 2691 ||| IDENTIFYING bubbling black potion
  2692 | D:4      | 2692 ||| DROPPING potion of berserk rage.
  2717 | D:5      | Entered Level 5 of the Dungeon
  2718 | D:5      | 2718 ||| PLANNING SEWER
  2759 | D:5      | Reached skill level 10 in Ranged Weapons
  2799 | D:5      | Reached XP level 7. HP: 40/40 MP: 9/9
  3149 | D:5      | Noticed Prince Ribbit
  3160 | D:5      | Killed Prince Ribbit
  3161 | D:5      | Reached skill level 11 in Ranged Weapons
  3334 | D:5      | Found a glowing drain.
  3335 | D:5      | 3335 ||| READING scroll labelled ODOTUOROUNT.
  3336 | D:5      | 3336 ||| READING 2 scrolls labelled KISKEWK BOWOEW.
  3337 | D:5      | 3337 ||| READING 2 scrolls of identify.
  3337 | D:5      | 3337 ||| IDENTIFYING cyan potion
  3338 | D:5      | 3338 ||| DROPPING scroll of noise.
  3344 | D:5      | 3344 ||| Stepping ~*~*~tactically~*~*~ (water).
  3353 | Sewer    | Entered a sewer
  3380 | Sewer    | Noticed Pargi
  3381 | Sewer    | 3381 ||| Stepping ~*~*~tactically~*~*~ (water).
  3383 | Sewer    | 3383 ||| Stepping ~*~*~tactically~*~*~ (water).
  3400 | Sewer    | Killed Pargi
  3401 | Sewer    | Reached skill level 12 in Ranged Weapons
  3401 | Sewer    | Reached XP level 8. HP: 38/44 MP: 10/10
  3427 | Sewer    | 3427 ||| Stepping ~*~*~tactically~*~*~ (water).
  3516 | Sewer    | 3516 ||| READING scroll of enchant weapon.
  3516 | Sewer    | 3516 ||| ENCHANTING +1 orcbow.
  3562 | Sewer    | 3562 ||| DRINKING 3 clear potions.
  3563 | Sewer    | 3563 ||| DRINKING 2 fizzy puce potions.
  3564 | Sewer    | 3564 ||| DROPPING potion of magic.
  3573 | D:5      | 3573 ||| PLANNING D:1-11
  3645 | D:5      | 3645 ||| FLEEEEING.
  3646 | D:5      | 3646 ||| FLEEEEING.
  3647 | D:5      | 3647 ||| FLEEEEING.
  3649 | D:5      | 3649 ||| FLEEEEING.
  3650 | D:5      | 3650 ||| FLEEEEING.
  3656 | D:5      | 3656 ||| FLEEEEING.
  3657 | D:5      | 3657 ||| FLEEEEING.
  3658 | D:5      | 3658 ||| FLEEEEING.
  3659 | D:5      | 3659 ||| FLEEEEING.
  3660 | D:5      | 3660 ||| FLEEEEING.
  3661 | D:5      | 3661 ||| FLEEEEING.
  3662 | D:5      | 3662 ||| FLEEEEING.
  3663 | D:5      | 3663 ||| FLEEEEING.
  3667 | D:5      | 3667 ||| FLEEEEING.
  3668 | D:5      | 3668 ||| FLEEEEING.
  3669 | D:5      | 3669 ||| FLEEEEING.
  3672 | D:5      | 3672 ||| FLEEEEING.
  3674 | D:5      | 3674 ||| FLEEEEING.
  3675 | D:5      | 3675 ||| FLEEEEING.
  3676 | D:5      | 3676 ||| FLEEEEING.
  3677 | D:5      | 3677 ||| STAIRDANCE
  4037 | D:5      | Noticed Grinder
  4049 | D:5      | Killed Grinder
  4050 | D:5      | Reached skill level 6 in Dodging
  4227 | D:6      | Reached skill level 3 in Fighting
  4237 | D:6      | Reached skill level 1 in Armour
  4386 | D:6      | Found a runed translucent door.
  4387 | D:6      | Noticed Crazy Yiuf
  4514 | D:6      | Found a runed translucent gate.
  4514 | D:6      | Found a runed translucent gate.
  4514 | D:6      | Noticed qw's ghost (amateur DEHu)
  4514 | D:6      | Noticed a kobold demonologist
  4515 | D:6      | Found a runed translucent gate.
  4555 | D:6      | Found a staircase to the Ecumenical Temple.
  4556 | D:6      | 4556 ||| PLANNING TEMPLE
  4573 | D:6      | Reached skill level 13 in Ranged Weapons
  4647 | Temple   | Entered the Ecumenical Temple
  4750 | Temple   | 4750 ||| PLANNING OKAWARU WORSHIP
  4855 | Temple   | Became a worshipper of Warmaster Okawaru
  4856 | Temple   | 4856 ||| PLANNING D:1-11
  4911 | D:6      | Noticed Menkaure
  4915 | D:6      | Killed Menkaure
  4916 | D:6      | Reached XP level 9. HP: 50/50 MP: 11/11
  4990 | D:6      | Noticed Maggie
  5008 | D:6      | Killed Maggie
  5008 | D:6      | Reached * piety under Okawaru
  5009 | D:6      | Reached skill level 14 in Ranged Weapons
  5298 | D:6      | Noticed Sigmund
  5299 | D:6      | 5299 ||| INVOKING Heroism.
  5305 | D:6      | Killed Sigmund
  5413 | D:6      | 5413 ||| READING 3 scrolls of identify.
  5413 | D:6      | 5413 ||| IDENTIFYING fuming brown potion
  5581 | D:7      | Reached skill level 1 in Invocations
  5597 | D:7      | Found a stormy altar of Qazlal.
  5635 | D:7      | Reached skill level 3 in Invocations
  5670 | D:7      | Reached ** piety under Okawaru
  5671 | D:7      | Reached skill level 15 in Ranged Weapons
  5699 | D:7      | Noticed Joseph
  5702 | D:7      | 5702 ||| FLEEEEING.
  5703 | D:7      | 5703 ||| FLEEEEING.
  5707 | D:7      | 5707 ||| INVOKING Heroism.
  5709 | D:7      | HP: 7/50 [Joseph/sling bullet (10)]
  5710 | D:7      | 5710 ||| READING 5 scrolls of teleportation.
  5711 | D:7      | 5711 ||| DRINKING 3 potions of heal wounds.
  5731 | D:7      | 5731 ||| INVOKING Heroism.
  6016 | D:7      | 6016 ||| READING 4 scrolls of identify.
  6016 | D:7      | 6016 ||| IDENTIFYING yellow potion
  6017 | D:7      | 6017 ||| DROPPING potion of brilliance.
  6540 | D:7      | 6540 ||| INVOKING Heroism.
  6541 | D:7      | HP: 1/50 [wyvern (15)]
  6542 | D:7      | 6542 ||| READING 4 scrolls of teleportation.
  6543 | D:7      | 6543 ||| DRINKING 2 potions of heal wounds.
  6748 | D:7      | 6748 ||| READING scroll of enchant armour.
  6748 | D:7      | 6748 ||| ENCHANTING +0 pair of gloves.
  6929 | D:7      | 6929 ||| Stepping ~*~*~tactically~*~*~ (outnumbered).
  6932 | D:7      | 6932 ||| Stepping ~*~*~tactically~*~*~ (outnumbered).
  6939 | D:7      | 6939 ||| Stepping ~*~*~tactically~*~*~ (outnumbered).
  6952 | D:7      | 6952 ||| INVOKING Heroism.
  6954 | D:7      | Killed Joseph
  6985 | D:7      | Reached XP level 10. HP: 43/57 MP: 15/15
  7212 | D:7      | 7212 ||| READING scroll labelled SESIASHR PIHU.
  7350 | D:8      | 7350 ||| INVOKING Heroism.
  7420 | D:8      | Found a runed translucent door.
  7420 | D:8      | Found a shimmering altar of Xom.
  7420 | D:8      | Noticed qw's ghost (novice GrFi)
  7424 | D:8      | Noticed a +1 mace of chaos
  7438 | D:8      | Found Vehokuav's Book Shoppe.
  7491 | D:8      | Found a sparkling altar of Nemelex Xobeh.
  7529 | D:8      | Found an opulent altar of Gozag.
  7626 | D:8      | 7626 ||| READING scroll of enchant weapon.
  7626 | D:8      | 7626 ||| ENCHANTING +2 orcbow.
  7689 | D:8      | 7689 ||| INVOKING Heroism.
  7752 | D:8      | Found an ancient bone altar of Kikubaaqudgha.
  8317 | D:8      | 8317 ||| Stepping randomly (stuck).
  8344 | D:9      | Reached skill level 16 in Ranged Weapons
  8347 | D:9      | 8347 ||| STAIRDANCE
  8350 | D:8      | Reached *** piety under Okawaru
  8353 | D:8      | 8353 ||| INVOKING Heroism.
  8459 | D:9      | 8459 ||| STAIRDANCE
  8468 | D:8      | 8468 ||| INVOKING Heroism.
  8475 | D:8      | HP: 14/57 [yak (8)]
  8476 | D:8      | 8476 ||| READING 3 scrolls of teleportation.
  8477 | D:8      | 8477 ||| DRINKING potion of heal wounds.
  8481 | D:8      | Reached skill level 9 in Dodging
  8621 | D:9      | 8621 ||| READING scroll of enchant armour.
  8621 | D:9      | 8621 ||| ENCHANTING +1 pair of gloves.
  8696 | D:9      | 8696 ||| INVOKING Heroism.
  8826 | D:9      | 8826 ||| INVOKING Heroism.
  9073 | D:9      | 9073 ||| INVOKING Heroism.
  9264 | D:9      | 9264 ||| Stepping ~*~*~tactically~*~*~ (outnumbered).
  9359 | D:9      | 9359 ||| INVOKING Heroism.
  9651 | D:9      | Found a blossoming altar of Fedhas.
  9667 | D:9      | Noticed an oklob plant
  9668 | D:9      | 9668 ||| INVOKING Heroism.
  9669 | D:9      | 9669 ||| DROPPING ring of wizardry.
  9670 | D:9      | 9670 ||| READING scroll labelled HOMAUKAVVA.
  9672 | D:9      | 9672 ||| Stepping ~*~*~tactically~*~*~ (cloud).
  9674 | D:9      | 9674 ||| Stepping ~*~*~tactically~*~*~ (cloud).
  9676 | D:9      | 9676 ||| DRINKING 2 potions of curing.
  9676 | D:9      | 9676 ||| (to cure poison)
  9677 | D:9      | HP: 9/59 [cloud of poison gas (7)]
  9677 | D:9      | HP: 2/59 [poisoned by you (poison gas)]
  9678 | D:9      | 9678 ||| READING 2 scrolls of teleportation.
  9678 | D:9      | Engulfed by a cloud of poison gas

Levels and vault maps discovered:
D:1:      lightli_arrival_chessboard, layout_rooms,
          chequers_ecumenical_altar_simple
D:2:      layout_basic, kennysheep_doodads, minmay_misc_feat_iff
D:3:      layout_loops_ring, lemuel_doored_altar, serial_bayou,
          serial_bayou_pond_c, serial_bayou_shore_a, serial_bayou_lagoon_b,
          serial_bayou_lagoon_a, serial_park_tiny_pond, uniq_natasha,
          uniq_jessica
D:4:      layout_loops_cross
D:5:      layout_gridville, portal_sewer_entry_f, patterned_corridor,
          uniq_grinder, uniq_prince_ribbit1
D:6:      layout_loops_ring, minmay_temple_entry_arrows,
          gammafunk_ghost_nasty_kobolds, hangedman_decor_peaks_small,
          uniq_crazy_yiuf_cottage, uniq_menkaure, uniq_sigmund, uniq_maggie
D:7:      layout_basic, nicolae_qazlal_beasts_of_the_sky, uniq_joseph
D:8:      layout_rooms, mainiacjoe_overflow_boulevard,
          mainiacjoe_overflow_24_doors, lemuel_zombie_altar_kikubaaqudgha,
          ebering_ghost_xom, serial_shops, nicolae_book_shop_shelving
D:9:      layout_long_grid, tgw_fedhas, nicolae_zen_rock_garden
Temple:   nicolae_temple_bog_church

Skill      XL: |  1  2  3  4  5  6  7  8  9 10 |
---------------+-------------------------------+-----
Ranged Weapons | 6 7 8 9 10 12 13 15 16 | 16.0
Dodging        | 3 4 5 7 8 11 | 11.1
Fighting       | 2 3 4 5 |  5.1
Armour         | 1 |  1.4
Invocations    | 4 |  4.1
Stealth        | |  1.2

Action                     |  1- 3 |  4- 6 |  7- 9 | 10-12 || total
---------------------------+-------+-------+-------+-------++-------
   Fire: Shortbow          |    80 |    92 |       |       ||   172
         Orcbow            |       |    31 |   302 |   202 ||   535
 Invoke: Heroism           |       |       |     5 |     9 ||    14
    Use: Scroll            |     3 |     5 |     9 |     6 ||    23
         Potion            |       |     5 |     4 |     2 ||    11
 Armour: Leather armour    |     8 |    11 |    29 |     6 ||    54
         Skin              |       |     4 |       |       ||     4
  Dodge: Dodged            |    15 |    34 |   123 |    73 ||   245

Table legend:
 A = Non-vault XP
 B = Vault XP
 C = Vault XP percentage of total XP
 D = Non-vault monster count
 E = Vault monster count
 F = Vault count percentage of total count
                 A         B        C        D         E       F
            +---------+---------+-------+---------+---------+-------
      Total |    7941 |    2114 |  21.0 |     185 |      24 |  11.5
            +---------+---------+-------+---------+---------+-------
        D:1 |      25 |       0 |   0.0 |      16 |       0 |   0.0
        D:2 |      36 |       0 |   0.0 |      16 |       0 |   0.0
        D:3 |      46 |      70 |  60.3 |       8 |       2 |  20.0
        D:4 |     421 |       0 |   0.0 |      25 |       0 |   0.0
        D:5 |     589 |     530 |  47.4 |      16 |       6 |  27.3
        D:6 |     911 |     824 |  47.5 |      20 |       3 |  13.0
        D:7 |    1417 |     527 |  27.1 |      30 |       2 |   6.2
        D:8 |    1832 |       5 |   0.3 |      25 |       4 |  13.8
        D:9 |    2664 |       0 |   0.0 |      29 |       0 |   0.0
      Sewer |       0 |     158 | 100.0 |       0 |       7 | 100.0
            +---------+---------+-------+---------+---------+-------
